Unix NetHack Version 5.0.0-0 post-release - last build Jun 10 2026 00:39:30 (3ee93aec679c4c4259841fe613dc97188e26a321,branch:main).

Game began 2026-07-09 12:37:15, ended 2026-07-09 14:16:24.

BATTLEMODE, chaotic female elven Wizard

                                                ------
                                     ------------.|..--
                              -------|................|----
                              |..|.?(|................|...|
                              |..|)))|.........--|--..-...|
                              |..|...|..-----..|...|..|...|   |
                              -|---|--..|...|--|...|..-----...--         ----
                          -.............+.((|..|...|...........|         |..--
                          |   -+--......|.((|..|---|........---|        --.<.|
                              |..|...{..------+|(((|...----....|  -------...--
                              |..|.............|((.|...+..|---.| --...--....|
                       ------------|---)....-+-|...|...|..|.||.|--........---
                       .........@.....|-|-..|..|-+--...----.||.|..[.......|
                      --------...f----|..|..|..|........|...||.|..[......--
                      |.@....|....-.%.|..|..----.....#......--)|........-|
                      |._....-@...|.%.|..|........{....)[................|
                      |......|....--------.....#....|..--...-...[...|.|.--
                      -------|..d.........^........-|.......||......|----
                             -----------.--.-----------.....|----.---
                                       ------           **..-   ---
BATTLEMODE the Thaumaturge  St:10 Dx:11 Co:13 In:20 Wi:11 Ch:13  Chaotic
Dlvl:8  $:103 HP:0(36) Pw:13(75) AC:6  Xp:6 T:2844 

Latest messages:
 You hear someone beseeching Thoth.
 Pick a monster, object or location.
 You slip and nearly fall.
 You make a lot of noise!
 You hear a chugging sound.
 You hear a door open.
 Ouch!  You bump into a door.
 You swap places with the peaceful gnome.
 You flounder.
 You make a lot of noise!
 Behemoth bites it.
 It misses Behemoth.
 You hear some noises in the distance.
 What do you want to put on? [dX or ?*] <esc>
 Never mind.
 Talk to whom? (in what direction) 4
 Talk to whom? (in what direction) 7
 "What lousy pay we're getting here!"
 You slip and nearly fall.
 You make a lot of noise!
 The priestess of Thoth intones:
 "Pilgrim, you enter a sacred place!"
 You have a forbidding feeling...
 Behemoth bites the watchman.
 The gnome picks up a food ration.
 Behemoth bites the watchman.
 Pick a monster, object or location.
 Behemoth bites the watchman.
 The watchman wields a spear!
 You swap places with the peaceful watchman.
 The little dog bites!
 Behemoth misses the watchman.
 The little dog misses!
 You swap places with Behemoth.
 The gnome throws a thonged club!
 The thonged club misses Sarangan.
 You are hit by a thonged club.
 The thonged club returns to the gnome's hand!
 You swap places with Behemoth.
 Behemoth bites the goblin.
 The goblin is killed!
 The little dog bites!
 Behemoth eats a goblin corpse.
 The little dog bites!
 You die...
 Do you want your possessions identified? [ynq] (y) y
 Do you want to see your attributes? [ynq] (y) y
 Do you want an account of creatures vanquished? [ynaq] (y) y
 Do you want to see your conduct and achievements? [ynq] (y) y
 Do you want to see the dungeon overview? [ynq] (y) y

Inventory:
 Coins    ('$')
  $ - 103 gold pieces
 Weapons  (')')
  Z - a +0 dagger (at the ready)
  a - a blessed +4 quarterstaff (weapon in hands)
 Armor    ('[')
  w - an uncursed very burnt -1 cornuthaum (being worn)
  I - a cursed -1 pair of gauntlets of fumbling (being worn)
  H - an uncursed +0 pair of fumble boots
  D - a blessed +1 pair of water walking boots (being worn)
  b - a blessed +2 cloak of magic resistance (being worn)
  O - an uncursed +0 mummy wrapping
  t - an uncursed very burnt +0 leather armor (being worn)
 Comestibles  ('%')
  G - an uncursed melon
  p - an uncursed tripe ration
 Scrolls  ('?')
  g - a cursed scroll of create monster
  i - an uncursed scroll of food detection
  F - an uncursed scroll of remove curse
  k - 2 uncursed scrolls of stinking cloud
 Spellbooks  ('+')
  l - a blessed spellbook of force bolt
  m - an uncursed spellbook of magic missile
 Potions  ('!')
  v - a cursed potion of gain energy
  h - an uncursed potion of monster detection
  z - an uncursed potion of see invisible
  f - an uncursed potion of speed
 Rings    ('=')
  e - an uncursed +1 ring of gain constitution (on left hand)
  x - an uncursed ring of invisibility (on right hand)
  d - an uncursed ring of slow digestion
 Wands    ('/')
  c - a wand of digging (0:7)
  N - a wand of fire (0:6)
  r - a wand of sleep (0:2)
  s - a wand of speed monster (0:4)
  M - a wand of striking (0:0)
 Tools    ('(')
  n - a magic marker (0:19)
  X - an uncursed towel
  S - 2 uncursed wax candles
 Gems/Stones  ('*')
  V - an uncursed worthless piece of blue glass
  q - 2 uncursed worthless pieces of orange glass
  W - an uncursed worthless piece of red glass
  B - an uncursed worthless piece of white glass
  J - an uncursed worthless piece of yellow glass
  Q - an uncursed worthless piece of yellowish brown glass

BATTLEMODE the Wizard's attributes:

Background:
 You were a Thaumaturge, a level 6 female elven Wizard.
 You were chaotic, nominally on a mission for Anhur
 who was opposed by Ptah (lawful) and Thoth (neutral).
 You were right-handed.
 You were in the Gnomish Mines, on level 8.
 You entered the dungeon 2844 turns ago.
 You had 535 experience points, 105 more were needed to attain level 7.

Basics:
 You had 0 out of 36 hit points.
 You had 13 out of 75 energy points (spell power).
 Your armor class was 6.
 Your wallet contained 103 zorkmids.
 Autopickup was off.

Final Characteristics:
 Your strength was 10 (limit:18).
 Your dexterity was 11 (peak:12, limit:18).
 Your constitution was 13 (base:12, limit:16).
 Your intelligence was 20 (limit:20).
 Your wisdom was 11 (limit:20).
 Your charisma was 13 (base:12, limit:18).

Final Status:
 You fumbled.
 You weren't hungry.
 You were unencumbered.
 You were wielding a quarterstaff.
 You had basic skill with quarterstaff.

Final Attributes:
 You were piously aligned.
 You were magic-protected.
 You were sleep resistant.
 You were clairvoyant.
 You had infravision.
 You would have confused monsters when hitting them.
 You were invisible.
 You could walk on water.
 You were warded.
 You are dead.

Miscellaneous:
 You didn't encounter any bones levels.
 Total elapsed playing time was 1 hour, 39 minutes and 8 seconds.

Major events:
 Turn
    1: BATTLEMODE the chaotic female elven Wizard entered the dungeon
 1102: attained the rank of Conjurer (level 3)
 1524: entered the Gnomish Mines
 2449: attained the rank of Thaumaturge (level 6)
 2673: reached Mine Town
 2844: killed by a little dog

Spells:
 Name                 Level Category     Fail Retention
 force bolt             1   attack         0%   81%-90%
 magic missile          2   attack         0%   81%-90%

Skills:
 Fighting Skills
   bare handed combat [Unskilled]
   riding             [Unskilled]
 Weapon Skills
   dagger             [Unskilled]
   knife              [Unskilled]
   axe                [Unskilled]
   short sword        [Unskilled]
   club               [Unskilled]
   mace               [Unskilled]
   quarterstaff       [Basic]
   polearms           [Unskilled]
   spear              [Unskilled]
   trident            [Unskilled]
   sling              [Unskilled]
   dart               [Unskilled]
   shuriken           [Unskilled]
 Spellcasting Skills
   attack spells      [Basic]
   healing spells     [Unskilled]
   divination spells  [Unskilled]
   enchantment spells [Basic]
   clerical spells    [Unskilled]
   escape spells      [Unskilled]
   matter spells      [Unskilled]

Voluntary challenges:
 Character rerolling was not enabled.
 You were an atheist.
 You never genocided any monsters.
 You never polymorphed an object.
 You never changed form.
 You used no wishes.
Achievements:
 You attained the rank of Conjurer.
 You entered the Gnomish Mines.
 You attained the rank of Thaumaturge.
 You entered Minetown.
 You entered a temple.

 The Dungeons of Doom: levels 1 to 5
    Level 1:
    Level 2:
       A fountain.
    Level 3:
       A fountain.
    Level 4:
       A fountain, a sink.
       Stairs down to The Gnomish Mines.
    Level 5:
 The Gnomish Mines: levels 5 to 8
    Level 5:
    Level 6:
    Level 7:
    Level 8: <- You were here.
       Many shops, a temple and an altar, some fountains, some trees.
       Final resting place for
          you, killed by a little dog.


Vanquished creatures:
  a large cat
  a gnome ruler
  a blue jelly
  a gnome mummy
  a fog cloud
  6 gnome leaders
  a gray ooze
 10 dwarves
  a giant bat
  2 dwarf zombies
 an acid blob
  a coyote
  3 hobbits
  a manes
  a brown mold
  a yellow mold
  a red mold
 29 gnomes
  3 geckos
  3 jackals
  a fox
  a kobold
  2 goblins
  6 grid bugs
  4 lichens
  a kobold zombie
  5 newts
89 creatures vanquished.

No species were genocided or became extinct.

Game over:
                       ----------
                      /          \
                     /    REST    \
                    /      IN      \
                   /     PEACE      \
                  /                  \
                  |    BATTLEMODE    |
                  |      103 Au      |
                  |   killed by a    |
                  |    little dog    |
                  |                  |
                  |                  |
                  |       2026       |
                 *|     *  *  *      | *
        _________)/\\_//(\/(/\)/\//\/|_)_______

Goodbye BATTLEMODE the Wizard...

You died in The Gnomish Mines on dungeon level 8 with 2623 points,
and 103 pieces of gold, after 2844 moves.
You were level 6 with a maximum of 36 hit points when you died.

